 Dungeon Crawl Stone Soup version 0.22.1-2-g9c5b331 (webtiles) character file.

25995 Yuikono the Thaumaturge (level 12, -2/84 HPs)
             Began as a Pale Draconian Air Elementalist on Dec 14, 2018.
             Was an Elder of Sif Muna.
             Slain by a slime creature (24 damage)
             ... on level 14 of the Dungeon.
             The game lasted 01:49:48 (22990 turns).

Yuikono the Thaumaturge (DrAE)                     Turns: 22990, Time: 01:49:49

Health: -2/84      AC: 13    Str: 11    XL:     12   Next: 94%
Magic:  1/28       EV: 12    Int: 27    God:    Sif Muna [****..]
Gold:   1208       SH:  0    Dex: 15    Spells: 6/35 levels left

rFire    . . .     SeeInvis .   K - +1 flail of Ofoylim {holy, rElec}
rCold    . . .     Gourm    .   (no shield)
rNeg     . . .     Faith    .   (armour unavailable)
rPois    .         Spirit   .   V - +1 hat {MR+}
rElec    +         Reflect  .   H - +0 cloak
rCorr    .         Harm     +   y - +2 pair of gloves
MR       +....                  (no boots)
Stlth    ++........             W - amulet of harm (curse)
HPRegen  0.24/turn              B - +6 ring of intelligence
MPRegen  0.21/turn              A - +4 ring of dexterity

@: about to teleport
A: breathe steam, unfitting armour, cold-blooded, AC +8
a: Breathe Steam, Divine Energy, Channel Magic, Forget Spell, Renounce Religion


You were on level 14 of the Dungeon.
You worshipped Sif Muna.
Sif Muna was greatly pleased with you.
You were not hungry.

You visited 4 branches of the dungeon, and saw 17 of its levels.
You also visited: Sewer.

You collected 1208 gold pieces.

Inventory:

Hand Weapons
 C - a +0 dagger of flaming
 E - a +0 longbow of flaming
 K - the +1 flail of Ofoylim (weapon) {holy, rElec}
   (You found it on level 8 of the Dungeon)

   It has been blessed by the Shining One to cause great damage to the undead
   and demons.
   It insulates you from electricity.
 Y - a +0 blowgun
Missiles
 c - 598 arrows
 i - 149 bolts
 o - 350 stones (quivered)
 p - 36 poisoned needles
 x - 74 sling bullets
 N - 16 tomahawks
 T - 10 needles of confusion
 Z - 2 curare-tipped needles
Armour
 n - a +0 shield
 y - a +2 pair of gloves (worn)
 H - a +0 cloak (worn)
 V - a +1 hat of magic resistance (worn)
Jewellery
 A - a +4 ring of dexterity (right hand)
 B - a +6 ring of intelligence (left hand)
 M - an uncursed amulet of regeneration
 W - a cursed amulet of harm (around neck)
Wands
 g - a wand of paralysis (22)
 O - a wand of acid (15)
 R - a wand of flame (12)
Scrolls
 a - a scroll of torment {unknown}
 f - 3 scrolls of teleportation
 h - a scroll of fog
 k - 2 scrolls of remove curse
 l - 3 scrolls of amnesia
 r - a scroll of brand weapon
 t - 4 scrolls of enchant armour
 w - 3 scrolls of enchant weapon
 G - 4 scrolls of random uselessness
 J - a scroll of acquirement
 L - a scroll of immolation {unknown}
 Q - 2 scrolls of magic mapping {unknown}
 S - a scroll of silence {unknown}
 U - a scroll of vulnerability {unknown}
 X - 2 scrolls of identify
Potions
 d - 2 potions of might {unknown}
 e - 3 potions of heal wounds {unknown}
 j - 3 potions of curing
 m - 2 potions of cancellation
 q - 2 potions of brilliance {unknown}
 s - 3 potions of mutation {unknown}
 u - 2 potions of lignification
 v - 2 potions of haste {unknown}
 z - 2 potions of agility {unknown}
 D - 2 potions of invisibility {unknown}
 F - a potion of berserk rage {unknown}
 I - a potion of degeneration {unknown}
 P - a potion of flight
Comestibles
 b - 13 rations


   Skills:
 - Level 1.2 Fighting
 - Level 1.7 Dodging
 - Level 1.7 Stealth
 + Level 12.1 Spellcasting
 - Level 7.5 Conjurations
 - Level 5.8 Summonings
 - Level 7.9 Transmutations
 - Level 5.0 Ice Magic
 - Level 10.3 Air Magic
 - Level 8.0 Invocations


You had 6 spell levels left.
You knew the following spells:

 Your Spells              Type           Power        Failure   Level  Hunger
a - Shock                 Conj/Air       ####         1%          1    None
b - Swiftness             Chrm/Air       #####...     1%          2    None
c - Static Discharge      Conj/Air       ######..     1%          3    None
d - Airstrike             Air            ######....   1%          4    None
e - Lightning Bolt        Conj/Air       ######....   2%          5    ###....
g - Sticks to Snakes      Tmut           ######..     1%          2    None
h - Ice Form              Ice/Tmut       ######..     2%          4    None
i - Summon Ice Beast      Ice/Summ       #####...     3%          4    None
j - Summon Lightning Spi  Summ/Air       ######..     1%          4    None

Your spell library contained the following spells:

 Spells                   Type           Power        Failure   Level  Hunger
 Beastly Appendage        Tmut           ######       1%          1    None
 Summon Butterflies       Summ           #####...     1%          1    None
 Call Canine Familiar     Summ           #####...     1%          3    None
 Spider Form              Tmut/Pois      #####.....   1%          3    None
 Blade Hands              Tmut           ######....   3%          5    ###....
 Fulminant Prism          Conj/Hex       #####.....   7%          4    None
 Silence                  Hex/Air        #####.....   12%         5    ###....
 Conjure Ball Lightning   Conj/Air       ######....   14%         6    #####..
 Summon Forest            Summ/Tloc      ####......   28%         5    ###....
 Summon Mana Viper        Hex/Summ       ####....     28%         5    ###....
 Deflect Missiles         Chrm/Air       #####.....   54%         6    #####..
 Monstrous Menagerie      Summ           #####.....   95%         7    ######.
 Summon Hydra             Summ           #####.....   95%         7    ######.
 Malign Gateway           Summ/Tloc      ####......   100%        7    ######.
 Tornado                  Air            ######....   100%        9    #######


Dungeon Overview and Level Annotations

Branches:
Dungeon (14/15)            Temple (1/1) D:6            Lair (1/6) D:9
    Orc (1/2) D:11         Vaults (0/5) D:14

Altars:
Ashenzari
Cheibriados
Dithmenos
Elyvilon
Fedhas
Gozag
Hepliaklqana
Kikubaaqudgha
Makhleb
Nemelex Xobeh
Okawaru
Qazlal
Ru
Sif Muna
Trog
Uskayaw
Vehumet
Wu Jian
Xom
Yredelemnul
Zin
The Shining One
Beogh

Shops:
D:5 [   D:10 [   D:12 [[

Portals:
Trove: D:10 (give +2 ice dragon scales)

Annotations:
D:5 2 transporters, sverre's ghost, novice GrFi
D:11 exclusion: 3 doors
D:14 exclusion: 4 doors


Innate Abilities, Weirdness & Mutations

You can breathe blasts of scalding, opaque steam.
Your pale cyan-grey scales are hard. (AC +8)
You cannot fit into any form of body armour.
You are cold-blooded and may be slowed by cold attacks.


Message History

Agnes hits you with a lajatang of electrocution!
* * * LOW HITPOINT WARNING * * *
Agnes hits you but does no damage.
Casting: Lightning Bolt (safe; 2% risk of failure)
Confirm with . or Enter, or press ? or * to list all spells.
Aiming: Airstrike (safe; 1% risk of failure)
Press: ? - help, Dir - move target cursor, f/p - Agnes
Aim: Agnes, wielding a lajatang of electrocution and wearing an embroidered The air twists around and strikes Agnes!
You kill Agnes!
Sif Muna accepts your kill.
Your Spellcasting skill increases to level 12!
Your surroundings suddenly seem different.
A slime creature comes into view. x6
Found a flail, a scroll of remove curse and 20 gold pieces.
The slime creature quivers.
Found a scroll of teleportation.
As you read the scroll of teleportation, it crumbles to dust.
You feel strangely unstable. The slime creature hits you!!
You die...

..................#
....... ..........#
...... $.........#
...... ...J......#
...... .....)....#
...... ......J...#
..................#
.............J..J.#
..........J....J@.#
....................#
#...≈≈≈....?.........#
...≈≈≈≈≈..........PP..#
...≈≈≈≈≈..........P♣..#
..)≈≈≈≈≈..............#
....≈≈≈.......##......#
.............# ##.?.. #
..........


You could see 6 slime creatures.

Vanquished Creatures
  Gastronok (D:12)
  Agnes (D:14)
  A hydra (D:12)
  4 centaur warriors
  4 two-headed ogres
  A deep elf mage (D:14)
  A wolf spider zombie (D:14)
  A cyclops (D:11)
  An ugly thing (D:11)
  Maurice (D:13)
  Joseph (Lair:1)
  2 spiny frogs (D:9)
  2 centaur skeletons
  2 komodo dragons (D:9)
  A freezing wraith (D:14)
  2 guardian mummies
  A tengu conjurer (D:13)
  2 trolls
  Grinder (D:5)
  9 slime creatures
  3 hippogriffs
  A spriggan (D:9)
  6 yaks
  2 hungry ghosts
  A warg (Orc:1)
  3 acid dragons
  2 water moccasins
  Purgy (Sewer)
  8 orc warriors
  A porcupine (Lair:1)
  2 ice beasts
  2 black bears
  A phantom (D:4)
  4 ogres
  19 centaurs
  2 crocodiles
  A big kobold (D:14)
  A gnoll sergeant (D:5)
  4 bullfrogs
  6 killer bees
  A wyvern skeleton (D:7)
  5 scorpions
  2 electric eels (D:14)
  3 centaur zombies
  3 bullfrog zombies
  7 crimson imps
  4 bullfrog skeletons
  4 jellies
  10 orc priests
  4 hounds
  2 iguanas
  16 orc wizards
  13 worker ants
  2 hound skeletons
  3 hound zombies
  4 worker ant zombies
  14 gnolls
  10 adders
  4 shadow imps
  5 worms
  4 dart slugs
  8 leopard geckos
  41 orcs
  6 giant cockroaches
  12 goblins
  9 hobgoblins
  7 jackals
  4 quokkas
  A ball python (D:1)
  7 bats
  7 frilled lizards
  13 kobolds
  2 rats
346 creatures vanquished.

Vanquished Creatures (collateral kills)
  A vault guard (D:14)
  A centaur warrior (D:14)
  A redback zombie (D:14)
  2 crimson imps (D:14)
  A kobold (D:14)
6 creatures vanquished.

Grand Total: 352 creatures vanquished

Notes
Turn   | Place    | Note
-------+----------+-------------------------------------------
     0 | D:1      | Yuikono the Draconian Air Elementalist began the quest for
                  | the Orb.
     0 | D:1      | Reached XP level 1. HP: 14/14 MP: 3/3
   298 | D:1      | Reached XP level 2. HP: 20/20 MP: 5/5
  1176 | D:1      | Reached XP level 3. HP: 26/26 MP: 1/6
  1272 | D:2      | Learned a level 2 spell: Swiftness
  1276 | D:2      | Learned a level 3 spell: Static Discharge
  1406 | D:2      | Found a hide-covered altar of Uskayaw.
  2629 | D:3      | Reached XP level 4. HP: 15/33 MP: 6/8
  2802 | D:3      | Found a shattered altar of Ashenzari.
  3108 | D:3      | Found a snail-covered altar of Cheibriados.
  3125 | D:3      | Reached skill level 3 in Spellcasting
  3514 | D:3      | Found a blossoming altar of Fedhas.
  3845 | D:4      | Noticed an ogre
  3982 | D:4      | Killed an ogre
  3982 | D:4      | Reached XP level 5. HP: 38/38 MP: 1/10
  4118 | D:4      | Reached XP level 6. HP: 19/45 MP: 0/11
  4173 | D:4      | Learned a level 4 spell: Airstrike
  4308 | D:4      | Found a radiant altar of Vehumet.
  4599 | D:4      | Reached skill level 4 in Spellcasting
  4667 | D:4      | Reached skill level 5 in Air Magic
  4929 | D:4      | Your scales start taking on a pale cyan-grey colour.
  4929 | D:4      | Reached XP level 7. HP: 49/50 MP: 6/13
  5107 | D:4      | Found a hazy altar of Hepliaklqana.
  5443 | D:5      | Entered Level 5 of the Dungeon
  5529 | D:5      | Found Zuthroari's Armour Shop.
  5605 | D:5      | Noticed Grinder
  5621 | D:5      | Killed Grinder
  5655 | D:5      | Found a transporter.
  5682 | D:5      | Reached skill level 5 in Conjurations
  5691 | D:5      | Reached skill level 5 in Spellcasting
  5950 | D:5      | Found a transporter.
  5950 | D:5      | Noticed sverre's ghost (novice GrFi)
  5996 | D:5      | Learned a level 5 spell: Lightning Bolt
  5998 | D:5      | Reached XP level 8. HP: 57/57 MP: 9/15
  6287 | D:5      | Found a white marble altar of Elyvilon.
  7102 | D:6      | Reached skill level 6 in Spellcasting
  7471 | D:6      | Found a staircase to the Ecumenical Temple.
  7545 | D:6      | Found a glowing drain.
  7550 | Sewer    | Entered a sewer
  7596 | Sewer    | Noticed Purgy
  7603 | Sewer    | Killed Purgy
  8315 | Temple   | Entered the Ecumenical Temple
  8335 | Temple   | Became a worshipper of Sif Muna the Loreminder
  8673 | D:7      | Reached XP level 9. HP: 62/62 MP: 11/18
  9055 | D:7      | Reached * piety under Sif Muna
  9180 | D:7      | Noticed a manticore
  9223 | D:7      | Reached skill level 7 in Spellcasting
  9667 | D:7      | Found a radiant altar of Vehumet.
 10036 | D:8      | Found a bloodstained altar of Trog.
 10100 | D:8      | Found a shadowy altar of Dithmenos.
 10106 | D:8      | Got a fine flail
 10107 | D:8      | Identified the +1 flail of Ofoylim {holy, rElec} (You found
                  | it on level 8 of the Dungeon)
 10127 | D:8      | Noticed a two-headed ogre
 10135 | D:8      | Killed a two-headed ogre
 10135 | D:8      | Reached ** piety under Sif Muna
 10192 | D:8      | Reached skill level 8 in Spellcasting
 10363 | D:8      | Reached skill level 10 in Air Magic
 10472 | D:8      | Reached XP level 10. HP: 66/69 MP: 22/22
 10949 | D:9      | Learned a level 1 spell: Beastly Appendage
 10952 | D:9      | Learned a level 2 spell: Sticks to Snakes
 10954 | D:9      | Found a staircase to the Lair.
 10981 | D:9      | Found an opulent altar of Gozag.
 11374 | D:9      | Reached skill level 1 in Transmutations
 11911 | Lair:1   | Entered Level 1 of the Lair of Beasts
 12019 | Lair:1   | Noticed Joseph
 12028 | Lair:1   | Noticed a spiny frog
 12361 | D:9      | Reached skill level 9 in Spellcasting
 12597 | Lair:1   | Noticed a spiny frog
 12834 | D:10     | Entered Level 10 of the Dungeon
 12840 | D:10     | Reached *** piety under Sif Muna
 13041 | D:10     | Found a portal to a secret trove of treasure.
 13263 | D:10     | Reached skill level 5 in Transmutations
 13701 | D:10     | Found Zukleib's Armour Emporium.
 13851 | D:11     | Reached **** piety under Sif Muna
 13868 | D:11     | Noticed an eight-headed hydra
 13902 | D:11     | Reached skill level 10 in Spellcasting
 14120 | D:11     | Noticed a cyclops
 14344 | D:11     | Reached XP level 11. HP: 74/74 MP: 9/25
 14681 | D:11     | Noticed Maurice
 14683 | D:11     | Noticed a green ugly thing
 14841 | D:11     | Killed a green ugly thing
 15632 | D:11     | Found a staircase to the Orcish Mines.
 15799 | D:11     | Learned a level 4 spell: Ice Form
 16494 | Lair:1   | Killed Joseph
 16718 | Orc:1    | Entered Level 1 of the Orcish Mines
 17035 | Orc:1    | Reached ***** piety under Sif Muna
 17165 | Orc:1    | Noticed an orc knight
 17170 | Orc:1    | Found a roughly hewn altar of Beogh.
 17304 | D:11     | Reached skill level 11 in Spellcasting
 17615 | D:12     | Identified Sif Muna's Grimoire of Creation and Hexes (Sif
                  | Muna gifted it to you on level 12 of the Dungeon)
 17615 | D:12     | Received a gift from Sif Muna
 17615 | D:12     | Reached skill level 1 in Invocations
 17684 | D:12     | Noticed a two-headed ogre
 17700 | D:12     | Killed a two-headed ogre
 17880 | D:12     | Learned a level 4 spell: Summon Ice Beast
 17998 | D:12     | Reached skill level 1 in Summonings
 18179 | D:12     | Noticed Gastronok
 18237 | D:12     | Killed Gastronok
 18459 | D:12     | Noticed an eight-headed hydra
 18460 | D:12     | Found Kiravag's Armour Boutique.
 18861 | D:12     | Found Woceink's Armour Shop.
 18946 | D:12     | Reached skill level 5 in Summonings
 19254 | D:12     | Killed an eight-headed hydra
 19254 | D:12     | Reached XP level 12. HP: 45/81 MP: 8/27
 19555 | D:13     | Reached skill level 1 in Ice Magic
 19601 | D:13     | Noticed a centaur warrior
 19844 | D:13     | Identified a scroll of acquirement
 19881 | D:13     | Noticed a two-headed ogre
 20300 | D:13     | Killed a two-headed ogre
 21093 | D:13     | Killed a centaur warrior
 21419 | D:13     | Killed Maurice
 21689 | D:14     | Noticed a two-headed ogre
 21708 | D:14     | Killed a two-headed ogre
 21708 | D:14     | Received a gift from Sif Muna
 21717 | D:14     | Noticed a centaur warrior
 21724 | D:14     | Killed a centaur warrior
 21748 | D:14     | Reached skill level 5 in Ice Magic
 21831 | D:14     | Learned a level 4 spell: Summon Lightning Spire
 21900 | D:14     | Noticed a centaur warrior
 21906 | D:14     | Killed a centaur warrior
 21906 | D:14     | Reached skill level 1 in Fighting
 22026 | D:14     | Reached skill level 5 in Invocations
 22402 | D:14     | Found a gate to the Vaults.
 22402 | D:14     | Noticed a vault guard
 22402 | D:14     | Noticed a vault guard
 22402 | D:14     | Noticed a vault guard
 22402 | D:14     | Noticed a centaur warrior
 22423 | D:14     | Killed a vault guard
 22641 | D:14     | Noticed a centaur warrior
 22644 | D:14     | Killed a centaur warrior
 22721 | D:14     | Noticed a centaur warrior
 22726 | D:14     | Killed a centaur warrior
 22976 | D:14     | Noticed Agnes
 22987 | D:14     | Killed Agnes
 22987 | D:14     | Reached skill level 12 in Spellcasting
 22990 | D:14     | Slain by a slime creature

Skill      XL: |  1  2  3  4  5  6  7  8  9 10 11 12 |
---------------+-------------------------------------+-----
Conjurations   | 2 3 4 5 6 7 |  7.5
Spellcasting   | 3 4 5 6 8 10 11 12 | 12.1
Air Magic      | 4 5 6 8 10 | 10.3
Transmutations | 5 7 |  7.9
Invocations    | 4 8 |  8.0
Summonings     | 5 |  5.8
Ice Magic      | 5 |  5.0
Fighting       | 1 |  1.2
Dodging        | |  1.7
Stealth        | |  1.7

Action                   |  1- 3 |  4- 6 |  7- 9 | 10-12 || total
-------------------------+-------+-------+-------+-------++-------
Melee: Dagger            |   146 |    98 |    30 |       ||   274
       Unarmed           |    17 |       |       |     1 ||    18
       Tailslap          |    12 |    10 |    33 |    26 ||    81
       Short sword       |       |       |   199 |       ||   199
       Flail             |       |       |    19 |   214 ||   233
       Headbutt          |       |       |       |     2 ||     2
       Kick              |       |       |       |     1 ||     1
 Fire: Hunting sling     |       |    19 |       |       ||    19
Throw: Stone             |       |     1 |       |     3 ||     4
 Cast: Shock             |    30 |    88 |   147 |   333 ||   598
       Static Discharge  |     1 |     4 |    11 |     6 ||    22
       Airstrike         |       |       |     8 |   136 ||   144
       Beastly Appendage |       |       |       |    11 ||    11
       Sticks to Snakes  |       |       |       |    18 ||    18
       Swiftness         |       |       |       |     3 ||     3
       Summon Ice Beast  |       |       |       |     2 ||     2
       Lightning Bolt    |       |       |       |    11 ||    11
       Ice Form          |       |       |       |     1 ||     1
       Summon Lightning  |       |       |       |     7 ||     7
Invok: Channel Magic     |       |       |       |     3 ||     3
 Abil: Breathe Steam     |       |       |    13 |    31 ||    44
Evoke: Wand              |       |       |       |     6 ||     6
  Use: Scroll            |       |     4 |     6 |    17 ||    27
       Potion            |       |       |     1 |     2 ||     3
 Stab: Sleeping          |     4 |     1 |    10 |     2 ||    17
       Distracted        |       |       |       |     1 ||     1
  Eat: Chunk             |     5 |     9 |    13 |    22 ||    49
       Ration            |       |       |     2 |     8 ||    10
Armor: Skin              |    58 |    46 |   138 |   163 ||   405
Dodge: Dodged            |   117 |    74 |   197 |   266 ||   654
